TOP OF THE 1ST |
Key West Barracudas batting - Pitching for Santa Fe Diablos : RHP Darryl Carter
|
Pitching: RHP Darryl Carter
|
|
Batting: SHB Rodney Birling
|
0-0: Foul Ball, location: 2F 0-1: Ball 1-1: Foul Ball, location: 2F 1-2: Ball 2-2: Strikes out swinging
|
Batting: RHB Carlos Bravo
|
0-0: Ball 1-0: Swinging Strike 1-1: SINGLE (Line Drive, 7S)
|
Batting: RHB Júlio Cruz
|
0-0: Swinging Strike 0-1: Ball 1-1: Swinging Strike 1-2: Foul Ball, location: 2F 1-2: Ball 2-2: Strikes out looking
|
Batting: RHB Ramiro Gámez
|
0-0: Called Strike 0-1: Swinging Strike 0-2: Ball 1-2: Ball 2-2: SINGLE (Line Drive, 56D) Carlos Bravo to second
|
Batting: RHB Luther Stoffels
|
0-0: Called Strike 0-1: Foul Ball, location: 2F 0-2: Ball 1-2: Strikes out swinging
|
Top of the 1st over - 0 run(s), 2 hit(s), 0 error(s), 2 left on base; Key West 0 - Santa Fe 0 |
BOTTOM OF THE 1ST |
Santa Fe Diablos batting - Pitching for Key West Barracudas : RHP Steven O'Brien
|
Pitching: RHP Steven O'Brien
|
|
Batting: RHB Emílio Bruno
|
0-0: Foul Ball, location: 2F 0-1: Foul Ball, location: 2F 0-2: Fly out, F8 (Flyball, 8RM)
|
Batting: RHB Robinson Pacheco
|
0-0: Ball 1-0: SOLO HOME RUN (Flyball, 78XD), Distance : 397 ft
|
Batting: RHB Wallace Greene
|
0-0: Called Strike 0-1: Ball 1-1: Swinging Strike 1-2: Hit by Pitch
|
Batting: SHB António Hernández
|
0-0: Ball 1-0: Called Strike 1-1: Ball 2-1: Fly out, F6 (Popup, 15)
|
Batting: RHB Carl Martin
|
0-0: Called Strike 0-1: Fly out, F5 (Popup, 25F)
|
Bottom of the 1st over - 1 run(s), 1 hit(s), 0 error(s), 1 left on base; Key West 0 - Santa Fe 1 |
TOP OF THE 2ND |
Key West Barracudas batting - Pitching for Santa Fe Diablos : RHP Darryl Carter
|
Batting: LHB Jake Wells
|
0-0: Ball 1-0: SINGLE (Groundball, 34D)
|
Batting: RHB Kenny Cole
|
0-0: Called Strike 0-1: Called Strike 0-2: Foul Ball, location: 2F 0-2: Foul Ball, location: 2F 0-2: Strikes out swinging
|
Batting: SHB Héctor Jiménez
|
0-0: Swinging Strike 0-1: Ball 1-1: Foul Ball, location: 2F 1-2: Ball 2-2: Fly out, F6 (Popup, 78S)
|
Batting: RHB Dan Craft
|
0-0: Ball 1-0: Called Strike 1-1: SINGLE (Groundball, 5D) Jake Wells to second
|
Batting: SHB Rodney Birling
|
0-0: Foul Ball, location: 2F 0-1: Ball 1-1: Swinging Strike 1-2: Foul Ball, location: 2F 1-2: Foul Ball, location: 2F 1-2: Fly out, F5 (Popup, 5F)
|
Top of the 2nd over - 0 run(s), 2 hit(s), 0 error(s), 2 left on base; Key West 0 - Santa Fe 1 |
BOTTOM OF THE 2ND |
Santa Fe Diablos batting - Pitching for Key West Barracudas : RHP Steven O'Brien
|
Batting: RHB Orlando González
|
0-0: Ball 1-0: Fly out, F9 (Flyball, 9D)
|
Batting: RHB Ánibal Gonzáles
|
0-0: Ball 1-0: Ball 2-0: Ground out 4-3 (Groundball, 13)
|
Batting: RHB Bill Finley
|
0-0: Ball 1-0: Ground out 2-3 (Groundball, 2L)
|
Bottom of the 2nd over - 0 run(s), 0 hit(s), 0 error(s), 0 left on base; Key West 0 - Santa Fe 1 |
TOP OF THE 3RD |
Key West Barracudas batting - Pitching for Santa Fe Diablos : RHP Darryl Carter
|
Batting: RHB Carlos Bravo
|
0-0: Called Strike 0-1: Foul Ball, location: 2F 0-2: Foul Ball, location: 2F 0-2: Strikes out swinging
|
Batting: RHB Júlio Cruz
|
0-0: Called Strike 0-1: Swinging Strike 0-2: Strikes out swinging
|
Batting: RHB Ramiro Gámez
|
0-0: Called Strike 0-1: Ball 1-1: Ball 2-1: DOUBLE (Flyball, 8LXD)
|
Batting: RHB Luther Stoffels
|
0-0: Called Strike 0-1: Ball 1-1: Called Strike 1-2: Fly out, F9 (Flyball, 9M)
|
Top of the 3rd over - 0 run(s), 1 hit(s), 0 error(s), 1 left on base; Key West 0 - Santa Fe 1 |
BOTTOM OF THE 3RD |
Santa Fe Diablos batting - Pitching for Key West Barracudas : RHP Steven O'Brien
|
Batting: RHB Ray Davis
|
0-0: Ball 1-0: Called Strike 1-1: Swinging Strike 1-2: Strikes out swinging
|
Batting: RHB Emílio Bruno
|
0-0: Ball 1-0: Called Strike 1-1: SINGLE (Line Drive, 7S)
|
Batting: RHB Robinson Pacheco
|
0-0: Called Strike 0-1: Fly out, F7 (Flyball, 78M)
|
Batting: RHB Wallace Greene
|
0-0: Fielders Choice at 2nd, 6-4 (Groundball, 6)
|
Bottom of the 3rd over - 0 run(s), 1 hit(s), 0 error(s), 0 left on base; Key West 0 - Santa Fe 1 |
TOP OF THE 4TH |
Key West Barracudas batting - Pitching for Santa Fe Diablos : RHP Darryl Carter
|
Batting: LHB Jake Wells
|
0-0: Ball 1-0: Foul Ball, location: 2F 1-1: Swinging Strike 1-2: Fly out, F7 (Flyball, 78M)
|
Batting: RHB Kenny Cole
|
0-0: Called Strike 0-1: Fly out, F4 (Popup, 4)
|
Batting: SHB Héctor Jiménez
|
0-0: Called Strike 0-1: Called Strike 0-2: Ball 1-2: Ball 2-2: Ball 3-2: Strikes out swinging
|
Top of the 4th over - 0 run(s), 0 hit(s), 0 error(s), 0 left on base; Key West 0 - Santa Fe 1 |
BOTTOM OF THE 4TH |
Santa Fe Diablos batting - Pitching for Key West Barracudas : RHP Steven O'Brien
|
Batting: SHB António Hernández
|
0-0: Called Strike 0-1: Foul Ball, location: 2F 0-2: Ball 1-2: Strikes out swinging
|
Batting: RHB Carl Martin
|
0-0: Ball 1-0: Swinging Strike 1-1: Foul Ball, location: 2F 1-2: Ball 2-2: SOLO HOME RUN (Flyball, 7D), Distance : 341 ft
|
Batting: RHB Orlando González
|
0-0: Ball 1-0: Foul Ball, location: 2F 1-1: Ball 2-1: Ball 3-1: Foul Ball, location: 2F 3-2: Fly out, F9 (Flyball, 9S)
|
Batting: RHB Ánibal Gonzáles
|
0-0: Called Strike 0-1: Ball 1-1: Swinging Strike 1-2: Strikes out swinging
|
Bottom of the 4th over - 1 run(s), 1 hit(s), 0 error(s), 0 left on base; Key West 0 - Santa Fe 2 |
TOP OF THE 5TH |
Key West Barracudas batting - Pitching for Santa Fe Diablos : RHP Darryl Carter
|
Batting: RHB Dan Craft
|
0-0: Called Strike 0-1: Ball 1-1: Called Strike 1-2: Strikes out swinging
|
Batting: SHB Rodney Birling
|
0-0: Ball 1-0: Called Strike 1-1: Foul Ball, location: 2F 1-2: Ball 2-2: Ground out 1-3 (Groundball, 15)
|
Batting: RHB Carlos Bravo
|
0-0: Ball 1-0: SINGLE (Line Drive, 89S)
|
Batting: RHB Júlio Cruz
|
0-0: Ball 1-0: Ball 2-0: Foul Ball, location: 2F 2-1: Ball 3-1: Foul Ball, location: 2F 3-2: Strikes out swinging
|
Top of the 5th over - 0 run(s), 1 hit(s), 0 error(s), 1 left on base; Key West 0 - Santa Fe 2 |
BOTTOM OF THE 5TH |
Santa Fe Diablos batting - Pitching for Key West Barracudas : RHP Steven O'Brien
|
Batting: RHB Bill Finley
|
0-0: Called Strike 0-1: Hit by Pitch
|
Batting: RHB Ray Davis
|
0-0: Ball 1-0: Fly out, F7 (Flyball, 7M)
|
Batting: RHB Emílio Bruno
|
0-0: Ball 1-0: Fielders Choice at 2nd, 4-6 (Groundball, 4)
|
Batting: RHB Robinson Pacheco
|
0-0: Ball Passed Ball! Emílio Bruno to second 1-0: Ball 2-0: Ball 3-0: Base on Balls
|
Batting: RHB Wallace Greene
|
0-0: Swinging Strike 0-1: Ground out 6-3 (Groundball, 56)
|
Bottom of the 5th over - 0 run(s), 0 hit(s), 0 error(s), 2 left on base; Key West 0 - Santa Fe 2 |
TOP OF THE 6TH |
Key West Barracudas batting - Pitching for Santa Fe Diablos : RHP Darryl Carter
|
Batting: RHB Ramiro Gámez
|
0-0: Ball 1-0: Ball 2-0: Ball 3-0: Called Strike 3-1: DOUBLE (Flyball, 7D)
|
Batting: RHB Luther Stoffels
|
0-0: Called Strike 0-1: Foul Ball, location: 2F 0-2: Ball 1-2: DOUBLE (Line Drive, 7LD) Ramiro Gámez scores
|
Pitching: LHP Columbo Briatori
|
|
Batting: LHB Jake Wells
|
0-0: Foul Ball, location: 2F 0-1: SINGLE (Line Drive, 6D) Luther Stoffels to third
|
Pitching: RHP Raúl Gómez
|
|
Batting: RHB Kenny Cole
|
0-0: Foul Ball, location: 2F 0-1: Ball 1-1: Ball 2-1: Bunted foul 2-2: Ball 3-2: Foul Ball, location: 2F 3-2: Base on Balls Jake Wells to second
|
Batting: SHB Héctor Jiménez
|
0-0: Swinging Strike 0-1: Ball 1-1: Ball 2-1: Foul Ball, location: 2F 2-2: Grounds into fielders choice 3-2 (Groundball, 3S) Jake Wells to third Kenny Cole to second
|
Batting: RHB Dan Craft
|
0-0: Foul Ball, location: 2F 0-1: Foul Ball, location: 2F 0-2: Foul Ball, location: 2F 0-2: Fly out, F7 (Flyball, 78M) Runner from 3rd tags up, OUT at HOME
|
Top of the 6th over - 1 run(s), 3 hit(s), 0 error(s), 2 left on base; Key West 1 - Santa Fe 2 |
BOTTOM OF THE 6TH |
Santa Fe Diablos batting - Pitching for Key West Barracudas : RHP Steven O'Brien
|
Batting: SHB António Hernández
|
0-0: Foul Ball, location: 2F 0-1: Ball 1-1: Called Strike 1-2: Ground out U3 (Groundball, 3S)
|
Batting: RHB Carl Martin
|
0-0: Fly out, F5 (Line Drive, 5)
|
Batting: RHB Orlando González
|
0-0: Ball 1-0: Called Strike 1-1: Ball 2-1: Foul Ball, location: 2F 2-2: Ball 3-2: Foul Ball, location: 2F 3-2: Foul Ball, location: 2F 3-2: Base on Balls
|
Pitching: LHP Alfredo González
|
|
Batting: RHB Ánibal Gonzáles
|
0-0: Foul Ball, location: 2F 0-1: Foul Ball, location: 2F 0-2: Ball 1-2: Fielders Choice at 2nd, 5-4 (Groundball, 56)
|
Bottom of the 6th over - 0 run(s), 0 hit(s), 0 error(s), 0 left on base; Key West 1 - Santa Fe 2 |
TOP OF THE 7TH |
Key West Barracudas batting - Pitching for Santa Fe Diablos : RHP Raúl Gómez
|
Batting: SHB Rodney Birling
|
0-0: Ball 1-0: Called Strike 1-1: Ball 2-1: Ball 3-1: Swinging Strike 3-2: Base on Balls
|
Batting: RHB Carlos Bravo
|
0-0: Ball 1-0: Ball 2-0: Called Strike 2-1: Ball 3-1: Called Strike 3-2: Base on Balls Rodney Birling to second
|
Pinch Hitting: LHB Arturo López
|
0-0: Called Strike 0-1: Foul Ball, location: 2F 0-2: Foul Ball, location: 2F 0-2: Strikes out swinging
|
Pinch Hitting: LHB Víctor Acevedo
|
0-0: Foul Ball, location: 2F 0-1: SINGLE (Line Drive, 6D) Rodney Birling to third Carlos Bravo to second
|
Batting: RHB Luther Stoffels
|
0-0: Ball 1-0: Ball 2-0: Called Strike 2-1: Swinging Strike 2-2: Ball 3-2: Foul Ball, location: 2F 3-2: Foul Ball, location: 2F 3-2: Fly out, F7 (Line Drive, 7S)
|
Batting: LHB Jake Wells
|
0-0: SINGLE (Groundball, 4M) Rodney Birling scores Carlos Bravo to third Víctor Acevedo to second Runner from 3rd tries for Home, SAFE, no throw or cutoff
|
Batting: RHB Kenny Cole
|
0-0: Ball 1-0: Swinging Strike 1-1: Ball 2-1: Foul Ball, location: 2F 2-2: Strikes out swinging
|
Top of the 7th over - 2 run(s), 2 hit(s), 0 error(s), 2 left on base; Key West 3 - Santa Fe 2 |
BOTTOM OF THE 7TH |
Santa Fe Diablos batting - Pitching for Key West Barracudas : LHP Alfredo González
|
Now at 2B: Richard Sanders
|
|
Now in CF: Víctor Acevedo
|
|
Batting: RHB Bill Finley
|
0-0: Ball 1-0: Ball 2-0: Called Strike 2-1: Fly out, F8 (Flyball, 89D)
|
Batting: RHB Ray Davis
|
0-0: Ball 1-0: Called Strike 1-1: Foul Ball, location: 2F 1-2: Foul Ball, location: 2F 1-2: Ball 2-2: Foul Ball, location: 2F 2-2: Fly out, F9 (Flyball, 9LS)
|
Batting: RHB Emílio Bruno
|
0-0: Ball 1-0: Called Strike 1-1: Foul Ball, location: 2F 1-2: Strikes out looking
|
Bottom of the 7th over - 0 run(s), 0 hit(s), 0 error(s), 0 left on base; Key West 3 - Santa Fe 2 |
TOP OF THE 8TH |
Key West Barracudas batting - Pitching for Santa Fe Diablos : RHP Raúl Gómez
|
Pitching: LHP Daniel Draper
|
|
Batting: SHB Héctor Jiménez
|
0-0: Foul Ball, location: 2F 0-1: Swinging Strike 0-2: Ball 1-2: Strikes out looking
|
Batting: RHB Dan Craft
|
0-0: Ball 1-0: Ground out 5-3 (Groundball, 5)
|
Batting: SHB Rodney Birling
|
0-0: Ball 1-0: Ground out 2-3 (Groundball, 23)
|
Top of the 8th over - 0 run(s), 0 hit(s), 0 error(s), 0 left on base; Key West 3 - Santa Fe 2 |
BOTTOM OF THE 8TH |
Santa Fe Diablos batting - Pitching for Key West Barracudas : LHP Alfredo González
|
Pitching: LHP José Morán
|
|
Batting: RHB Robinson Pacheco
|
0-0: Called Strike 0-1: Ball 1-1: Foul Ball, location: 2F 1-2: Ball 2-2: Ball 3-2: Foul Ball, location: 2F 3-2: Base on Balls
|
Pitching: RHP Chris Jones
|
|
Pinch Runner at 1st Gerardo Álvarez:
|
|
Batting: RHB Wallace Greene
|
0-0: Ball 1-0: Swinging Strike 1-1: Foul Ball, location: 2F 1-2: Strikes out swinging
|
Pitching: LHP Connor Bond
|
|
Batting: SHB António Hernández
|
0-0: Called Strike 0-1: Foul Ball, location: 2F 0-2: Ball 1-2: Strikes out looking
|
Batting: RHB Carl Martin
|
0-0: Ball 1-0: Called Strike Balk! Gerardo Álvarez to second 1-1: Swinging Strike 1-2: Ball 2-2: Foul Ball, location: 2F 2-2: Strikes out swinging
|
Bottom of the 8th over - 0 run(s), 0 hit(s), 0 error(s), 1 left on base; Key West 3 - Santa Fe 2 |
TOP OF THE 9TH |
Key West Barracudas batting - Pitching for Santa Fe Diablos : LHP Daniel Draper
|
Pitching: RHP Kenshin Kubota
|
|
Batting: RHB Carlos Bravo
|
0-0: Called Strike 0-1: Ball 1-1: Foul Ball, location: 2F 1-2: Ball 2-2: Strikes out swinging
|
Batting: RHB Richard Sanders
|
0-0: Called Strike 0-1: Foul Ball, location: 2F 0-2: Foul Ball, location: 2F 0-2: Strikes out swinging
|
Batting: LHB Víctor Acevedo
|
0-0: Called Strike 0-1: Called Strike 0-2: Strikes out swinging
|
Top of the 9th over - 0 run(s), 0 hit(s), 0 error(s), 0 left on base; Key West 3 - Santa Fe 2 |
BOTTOM OF THE 9TH |
Santa Fe Diablos batting - Pitching for Key West Barracudas : LHP Connor Bond
|
Pitching: RHP Gerald Núñez
|
|
Batting: RHB Orlando González
|
0-0: Ball 1-0: Called Strike 1-1: Ball 2-1: Ball 3-1: Foul Ball, location: 2F 3-2: Foul Ball, location: 2F 3-2: Foul Ball, location: 2F 3-2: Foul Ball, location: 2F 3-2: Base on Balls
|
Pinch Hitting: RHB Júlio López
|
0-0: Ball 1-0: Called Strike 1-1: Bunted foul 1-2: Ball 2-2: Fly out, F7 (Flyball, 78XD)
|
Batting: RHB Bill Finley
|
0-0: Grounds into double play, U6-3 (Groundball, 6D)
|
Bottom of the 9th over - 0 run(s), 0 hit(s), 0 error(s), 0 left on base; Key West 3 - Santa Fe 2 |
|